 Dungeon Crawl Stone Soup version 0.30.0-19-g36f170ea60 (webtiles) character file.

Game seed: 7562393298053646116

62 Diggabert the Cudgeller (level 4, 0/33 HPs)
             Began as a Human Gladiator on June 1, 2023.
             Slain by a black bear (4 damage)
             ... on level 3 of the Dungeon.
             The game lasted 00:02:58 (1809 turns).

Diggabert the Cudgeller (Human Gladiator)           Turns: 1809, Time: 00:02:59

Health: 0/33       AC: 11    Str: 17    XL:     4   Next: 28%
Magic:  4/4        EV:  8    Int:  8    God:
Gold:   143        SH:  0    Dex: 14    Spells: 3/3 levels left

rFire   . . .        a - +0 flail
rCold   . . .        (no shield)
rNeg    + . .        p - +0 chain mail
rPois   .            c - +0 helmet
rElec   .            (no cloak)
rCorr   .            n - +0 pair of gloves
SInv    .            m - +0 pair of boots
Will    .....        (no amulet) Stlth
                     g - ring of positive energy
HPRegen 0.25/turn    (no ring)
MPRegen 0.09/turn

%: no passive effects
@: no status effects
A: no striking features
a: no special abilities


You were on level 3 of the Dungeon.
You visited 1 branch of the dungeon, and saw 3 of its levels.

You collected 143 gold pieces.

Inventory:

Hand Weapons
 a - a +0 flail (weapon)
Missiles
 d - 3 throwing nets (quivered)
 e - a javelin
 i - 8 poisoned darts
Armour
 c - a +0 helmet (worn)
 m - a +0 pair of boots (worn)
 n - a +0 pair of gloves (worn)
 p - a +0 chain mail (worn)
Jewellery
 g - a ring of positive energy (left hand)
Scrolls
 b - a scroll of acquirement {unknown}
 h - a scroll of enchant armour {unknown}
 k - 2 scrolls of identify {unknown}
 l - 2 scrolls of summoning {unknown}
Potions
 f - 2 potions of curing {unknown}
 j - 2 potions of lignification {unknown}


   Skills:
 * Level 2.3 Fighting
 * Level 3.7 Maces & Flails
 - Level 2.0 Throwing
 * Level 1.6 Armour
 * Level 3.5 Dodging


You had 3 spell levels left.
You didn't know any spells.
Your spell library contained the following spells:

 Spells                   Type           Power      Damage    Failure   Level
 Ozocubu's Armour         Ice            0%         N/A       100%        3
 Ozocubu's Refrigeration  Ice            0%         4d7       100%        7


Dungeon Overview and Level Annotations

Branches:
Dungeon (3/15)

Altars:

Shops:
D:2 :


Message History

The ball python bites you but does no damage.
The ball python constricts you. The black bear barely misses you.
The black bear completely misses you. The black bear claws you.
The orc barely misses you. The ball python completely misses you.
The ball python constricts you.
You closely miss the ball python.
The black bear bites you but does no damage.
The black bear claws you but does no damage.
The black bear claws you. The orc hits you with a +0 hand axe.
The ball python bites you. The ball python constricts you.
The orc hits you but does no damage. The black bear bites you.
The black bear claws you but does no damage.
The black bear claws you.
You hit the ball python.
The ball python is moderately wounded.
The ball python bites you but does no damage.
The ball python constricts you. The black bear bites you.
The black bear claws you but does no damage. x2
The orc hits you but does no damage. The ball python barely misses you.
The ball python constricts you.
You closely miss the ball python.
The ball python is moderately wounded.
A giant cockroach comes into view.
The black bear bites you.
The black bear claws you but does no damage. x2
The ball python bites you. The ball python constricts you.
The orc hits you with a +0 hand axe.
* * * LOW HITPOINT WARNING * * *
The giant cockroach moves out of view.
You hit the ball python.
You kill the ball python!
The black bear bites you.
* * * LOW HITPOINT WARNING * * *
The black bear barely misses you.
The black bear claws you but does no damage.
The orc barely misses you. The black bear barely misses you.
The black bear claws you but does no damage.
The black bear claws you.
You die...

####.##........S...
.....[......#.###.###.
####.#####..#.# ....
#........#+###..#
#...............##
###..............#
#.###.#...o....###.#
###.###'#...h##......#
...........So@...##
..........#####.##
..........#####.#
##+#+#...........#
#.........###
#.........#
####......# #......#
#......#


You could see a black bear, an adder and 2 orcs.

Vanquished Creatures
  An adder (D:2)
  2 orcs (D:2)
  4 endoplasms
  3 giant cockroaches (D:1)
  6 goblins (D:2)
  3 hobgoblins
  6 jackals
  6 ball pythons
  3 bats
  4 frilled lizards
  3 kobolds
  8 rats
49 creatures vanquished.

Notes
Turn   | Place    | Note
-------+----------+-------------------------------------------
     0 | D:1      | Diggabert the Human Gladiator began the quest for the Orb.
     0 | D:1      | Reached XP level 1. HP: 16/16 MP: 1/1
   168 | D:1      | Reached XP level 2. HP: 22/22 MP: 2/2
   812 | D:1      | Reached XP level 3. HP: 27/27 MP: 3/3
  1147 | D:2      | Reached skill level 1 in Armour
  1289 | D:2      | Reached XP level 4. HP: 33/33 MP: 4/4
  1332 | D:2      | Found Byecehec's Book Shop.
  1751 | D:3      | Noticed a black bear
  1809 | D:3      | Slain by a black bear

Illustrated notes

Levels and vault maps discovered:
D:1:      lightli_arrival_flooded_house, layout_basic,
          wander_ebering_terrifying_dragon_lair
D:2:      layout_basic, serial_shops, shop
D:3:      layout_basic, serial_shops, nicolae_shop_statue_plus, uniq_robin

Skill      XL: |  1  2  3 |
---------------+----------+-----
Armour         | 1 |  1.6
Fighting       | |  2.3
Maces & Flails | |  3.7
Throwing       | |  2.0
Dodging        | |  3.5

Action                     |  1- 3 |  4- 6 || total
---------------------------+-------+-------++-------
  Melee: Flail             |   116 |    32 ||   148
         Punch             |     3 |       ||     3
   Stab: Sleeping          |     3 |       ||     3
 Armour: Leather armour    |    31 |     5 ||    36
         Chain mail        |       |    36 ||    36
         Ring mail         |       |     1 ||     1
  Dodge: Dodged            |    80 |    39 ||   119
